 Dungeon Crawl Stone Soup version 0.23.2-30-g0e89c35649 (webtiles) character file.

Game seed: 9074803631385478697

47920 Ivernyr the Thaumaturge (level 14, 0/108 HPs)
             Began as a Gnoll Wizard on June 16, 2019.
             Was the Champion of Cheibriados.
             Slain by a wyvern (2 damage)
             ... while petrified by a basilisk
             ... on level 6 of the Lair of Beasts on June 18, 2019.
             The game lasted 02:28:45 (25796 turns).

Ivernyr the Thaumaturge (Gnoll Wizard)             Turns: 25796, Time: 02:28:46

Health: 0/108      AC: 12    Str: 25    XL:     14   Next: 44%
Magic:  25/29      EV:  2    Int: 40    God:    Cheibriados [******]
Gold:   1184       SH:  0    Dex: 31    Spells: 23/35 levels left

rFire    + . .     SeeInvis .   I - +7 great sword
rCold    . . .     Gourm    .   (shield currently unavailable)
rNeg     + + +     Faith    .   O - +1 scale mail of Valour {rF+ Regen+ Slay+3} (curse)
rPois    ∞         Spirit   .   b - +0 hat
rElec    .         Reflect  .   t - +0 cloak
rCorr    .         Harm     .   (no gloves)
MR       +....                  n - +0 pair of boots
Stlth    ++++......             (no amulet)
HPRegen  0.68/turn              l - ring of positive energy
MPRegen  0.21/turn              u - +2 ring of dexterity

@: petrified, very slow
A: distributed training, fangs 1, strong nose
a: Bend Time, Temporal Distortion, Slouch, Step From Time, Renounce Religion


You were on level 6 of the Lair of Beasts.
You worshipped Cheibriados.
Cheibriados was exalted by your worship.
You were hungry.

You visited 4 branches of the dungeon, and saw 19 of its levels.
You also visited: Ice Cave.

You collected 1184 gold pieces.

Inventory:

Hand Weapons
 v - the +4 long sword of the Lame Duck {drain, rC+++ Dex-3}
   (You found it on level 1 of the Lair of Beasts)

   A truly terrible weapon, it drains the life of those it strikes.
   It affects your dexterity (-3).
   It renders you almost immune to cold.
 I - a +7 great sword (weapon)
 K - the +3 great mace of Monuewe {flame, rPois rF+ Int+4}
   (You found it on level 3 of the Lair of Beasts)

   It has been specially enchanted to burn those struck by it, causing extra
   injury to most foes and up to half again as much damage against particularly
   susceptible opponents.
   It affects your intelligence (+4).
   It protects you from fire.
   It protects you from poison.
 N - the +8 dagger "Syudop" {venom, rElec rF+}
   (You found it on level 5 of the Lair of Beasts)

   It poisons the flesh of those it strikes.
   It protects you from fire.
   It insulates you from electricity.
Missiles
 C - 13 javelins (quivered)
Armour
 a - a +2 robe of magic resistance
 b - a +0 hat (worn)
 n - a +0 pair of boots (worn)
 t - a +0 cloak (worn)
 O - the cursed +1 scale mail of Valour (worn) {rF+ Regen+ Slay+3}
   (You found it on level 5 of the Lair of Beasts)

   It affects your accuracy and damage with ranged weapons and melee attacks
   (+3).
   It protects you from fire.
   It increases your rate of regeneration.
   It has a curse placed upon it.
Jewellery
 l - a ring of positive energy (left hand)
 u - a +2 ring of dexterity (right hand)
 F - an uncursed ring of wizardry
 J - an uncursed ring of positive energy
Wands
 c - a wand of polymorph (10)
 j - a wand of disintegration (15)
 y - a wand of flame (41)
 B - a wand of iceblast (20)
 E - a wand of acid (9)
 H - a wand of enslavement (11)
Scrolls
 g - 3 scrolls of fog
 h - 6 scrolls of teleportation
 i - 8 scrolls of remove curse
 k - 4 scrolls of identify
 p - 4 scrolls of amnesia
 s - 2 scrolls of blinking
 w - 2 scrolls of enchant armour
 x - a scroll of acquirement {unknown}
 M - a scroll of summoning {unknown}
 Q - a scroll of vulnerability {unknown}
Potions
 e - a potion of berserk rage {unknown}
 f - 3 potions of ambrosia
 m - 4 potions of magic {unknown}
 o - 4 potions of lignification {unknown}
 q - 5 potions of mutation
 r - 5 potions of agility {unknown}
 z - 7 potions of curing {unknown}
 A - 4 potions of might {unknown}
 D - 2 potions of flight {unknown}
 G - 2 potions of heal wounds
 L - a potion of haste {unknown}
Comestibles
 d - 31 rations


   Skills:
 + Level 9.1 Fighting
 + Level 9.1 Short Blades
 + Level 9.1 Long Blades
 + Level 9.1 Axes
 + Level 9.1 Maces & Flails
 + Level 9.1 Polearms
 + Level 9.1 Staves
 + Level 9.1 Slings
 + Level 9.1 Bows
 + Level 9.1 Crossbows
 + Level 9.1 Throwing
 + Level 9.1 Armour
 + Level 10.1 Dodging
 + Level 10.0 Stealth
 + Level 9.1 Shields
 + Level 9.1 Unarmed Combat
 + Level 11.3 Spellcasting
 + Level 7.9 Conjurations
 + Level 7.5 Hexes
 + Level 7.5 Charms
 + Level 7.9 Summonings
 + Level 7.5 Necromancy
 + Level 7.9 Translocations
 + Level 7.5 Transmutations
 + Level 7.5 Fire Magic
 + Level 7.5 Ice Magic
 + Level 7.5 Air Magic
 + Level 7.5 Earth Magic
 + Level 7.5 Poison Magic
 + Level 9.9 Invocations
 + Level 9.1 Evocations


You had 23 spell levels left.
You knew the following spells:

 Your Spells              Type           Power        Failure   Level  Hunger
a - Magic Dart            Conj           ####         1%          1    None
b - Blink                 Tloc           N/A          1%          2    None
c - Conjure Flame         Conj/Fire      ######..     1%          3    None
d - Mephitic Cloud        Conj/Pois/Air  ######..     1%          3    None
e - Regeneration          Chrm/Necr      ######....   1%          3    None

Your spell library contained the following spells:

 Spells                   Type           Power        Failure   Level  Hunger
 Animate Skeleton         Necr           N/A          1%          1    None
 Apportation              Tloc           ######       1%          1    None
 Confusing Touch          Hex            ######       1%          1    None
 Pain                     Necr           ####         1%          1    None
 Summon Butterflies       Summ           ######..     1%          1    None
 Summon Small Mammal      Summ           ####         1%          1    None
 Call Imp                 Summ           ######..     1%          2    None
 Slow                     Hex            ######..     1%          2    None
 Gell's Gravitas          Tloc           ######....   1%          3    None
 Recall                   Summ/Tloc      N/A          1%          3    None
 Vampiric Draining        Necr           ######....   1%          3    None
 Animate Dead             Necr           N/A          1%          4    None


Dungeon Overview and Level Annotations

Branches:
Dungeon (11/15)            Temple (1/1) D:5            Lair (6/6) D:11
 Shoals (0/4) Lair:2       Spider (0/4) Lair:2          Orc (1/2) D:9
  Slime: Lair:5-6

Altars:
Ashenzari
Cheibriados
Dithmenos
Elyvilon
Fedhas
Gozag
Hepliaklqana
Kikubaaqudgha
Makhleb
Nemelex Xobeh
Okawaru
Qazlal
Ru
Sif Muna
Trog
Uskayaw
Vehumet
Wu Jian
Xom
Yredelemnul
Zin
The Shining One

Shops:
D:4 [   D:7 (

Annotations:
D:10 3 runed translucent doors
Lair:3 1 runed translucent door, Ziruddio's ghost, journeyman MfBe


Innate Abilities, Weirdness & Mutations

Your experience applies equally to all skills.
You have very sharp teeth.
Your uncanny sense of smell can sniff out nearby items.


Message History

The five-headed hydra bites you but does no damage.
The lava snake spits lava at you. The glob of lava hits you!
You partially resist.
* * * LOW HITPOINT WARNING * * *
The komodo dragon bites you!!
* * * LOW HITPOINT WARNING * * *
The wyvern bites you!
* * * LOW HITPOINT WARNING * * *
The five-headed hydra bites you!
* * * LOW HITPOINT WARNING * * *
The five-headed hydra bites you but does no damage. x2
The five-headed hydra bites you.
The five-headed hydra bites you but does no damage.
The komodo dragon bites you!!
* * * LOW HITPOINT WARNING * * *
The wyvern bites you!
* * * LOW HITPOINT WARNING * * *
A basilisk comes into view.
The wyvern bites you.
You die...

## .## ..#
##..##
#....####
#........
#@l..9...
#llD......
#S.........
#≈.........
≈≈....##...
#S≈...#S ≈#
≈§....≈≈≈ ≈
≈≈≈.l..≈§##


You could see a five-headed hydra, 2 komodo dragons, a basilisk, a molten
gargoyle, a wyvern and 3 lava snakes.

Vanquished Creatures
  Kirke (Lair:4)
  A frost giant (IceCv)
  2 hydras
  Harold (D:7)
  A catoblepas (Lair:3)
  4 death yaks
  2 two-headed ogres
  Urug (Lair:4)
  A lindwurm (Lair:5)
  A cyclops (D:11)
  6 elephants (Lair:6)
  2 black mambas
  A gargoyle (D:11)
  An ice statue (IceCv)
  8 spiny frogs
  2 rime drakes
  9 komodo dragons
  17 polar bears
  A hornet (D:8)
  A troll (D:7)
  Prince Ribbit (D:6)
  7 blink frogs
  2 dream sheep (D:7)
  4 hippogriffs
  A meliai zombie (D:11)
  Sigmund (D:5)
  A spriggan (D:7)
  2 wyverns
  62 yaks
  A tarantella (Lair:2)
  4 hogs
  A hungry ghost (D:9)
  4 basilisks
  A steam dragon (D:11)
  A warg (Orc:1)
  An acid dragon (D:11)
  11 water moccasins
  7 porcupines
  5 hell hounds (Lair:6)
  Duvessa (D:6)
  A swamp drake (D:9)
  9 ice beasts
  5 black bears
  A sky beast (D:9)
  8 orc warriors
  13 wolves
  5 centaurs
  4 ogres
  2 phantoms
  A necrophage (D:10)
  10 crocodiles
  5 big kobolds
  2 wyvern zombies
  Blork the orc (D:6)
  13 bullfrogs
  2 gnoll sergeants
  Dowan (D:6)
  2 scorpions
  19 wights
  A howler monkey (D:7)
  An electric eel (Lair:4)
  3 crimson imps
  A bullfrog zombie (D:7)
  2 quasits
  12 orc priests
  A centaur zombie (D:8)
  3 jellies
  3 centaur skeletons
  6 hounds
  A bullfrog skeleton (D:5)
  2 iguanas
  24 orc wizards
  8 worker ants
  3 hound zombies
  2 hound skeletons
  14 gnolls
  6 adders
  3 shadow imps
  3 oozes (Lair:6)
  An adder zombie (D:6)
  An adder skeleton (D:9)
  8 worms
  2 dart slugs
  3 leopard geckos
  61 orcs
  3 ball pythons
  10 bats
  3 giant cockroaches
  8 goblins
  7 hobgoblins
  11 jackals
  8 quokkas
  6 frilled lizards
  A jackal zombie (D:5)
  26 kobolds
  A quokka skeleton (D:4)
  A quokka zombie (D:9)
  6 rats
  A spectral orc (D:8)
  A fungus (Lair:6)
553 creatures vanquished.

Vanquished Creatures (others)
  6 polar bears (IceCv)
  2 yaks (IceCv)
  A wyvern (D:11)
  2 wolves (IceCv)
  A kobold (D:11)
  13 fungi
  3 plants
28 creatures vanquished.

Grand Total: 581 creatures vanquished

Notes
Turn   | Place    | Note
-------+----------+-------------------------------------------
     0 | D:1      | Ivernyr the Gnoll Wizard began the quest for the Orb.
     0 | D:1      | Reached XP level 1. HP: 13/13 MP: 8/8
   169 | D:1      | Reached XP level 2. HP: 19/19 MP: 5/10
   271 | D:1      | Learned a level 2 spell: Blink
   810 | D:2      | Reached XP level 3. HP: 25/25 MP: 6/11
   861 | D:2      | Learned a level 3 spell: Conjure Flame
   865 | D:2      | Learned a level 3 spell: Mephitic Cloud
  1123 | D:2      | Reached skill level 1 in Invocations
  1661 | D:2      | Reached skill level 1 in Fighting
  1661 | D:2      | Reached skill level 1 in Short Blades
  1661 | D:2      | Reached skill level 1 in Long Blades
  1661 | D:2      | Reached skill level 1 in Axes
  1661 | D:2      | Reached skill level 1 in Maces & Flails
  1661 | D:2      | Reached skill level 1 in Polearms
  1661 | D:2      | Reached skill level 1 in Staves
  1661 | D:2      | Reached skill level 1 in Slings
  1661 | D:2      | Reached skill level 1 in Bows
  1661 | D:2      | Reached skill level 1 in Crossbows
  1661 | D:2      | Reached skill level 1 in Throwing
  1661 | D:2      | Reached skill level 1 in Armour
  1661 | D:2      | Reached skill level 1 in Shields
  1661 | D:2      | Reached skill level 1 in Unarmed Combat
  1661 | D:2      | Reached skill level 1 in Evocations
  1798 | D:3      | Reached XP level 4. HP: 32/32 MP: 11/13
  2126 | D:3      | Reached skill level 1 in Hexes
  2126 | D:3      | Reached skill level 1 in Charms
  2126 | D:3      | Reached skill level 1 in Necromancy
  2126 | D:3      | Reached skill level 1 in Transmutations
  2126 | D:3      | Reached skill level 1 in Fire Magic
  2126 | D:3      | Reached skill level 1 in Ice Magic
  2126 | D:3      | Reached skill level 1 in Air Magic
  2126 | D:3      | Reached skill level 1 in Earth Magic
  2126 | D:3      | Reached skill level 1 in Poison Magic
  2500 | D:3      | Found a white marble altar of Elyvilon.
  2590 | D:3      | Found an ancient bone altar of Kikubaaqudgha.
  2592 | D:3      | Found a blossoming altar of Fedhas.
  2880 | D:4      | Reached XP level 5. HP: 28/37 MP: 9/14
  3230 | D:4      | Found Iqiahur's Antique Armour Shoppe.
  3331 | D:4      | Noticed a moth of wrath
  3334 | D:4      | Found a bloodstained altar of Trog.
  3705 | D:5      | Entered Level 5 of the Dungeon
  3729 | D:5      | Reached XP level 6. HP: 44/44 MP: 9/16
  3975 | D:5      | Reached skill level 5 in Dodging
  4502 | D:5      | Found a staircase to the Ecumenical Temple.
  4510 | Temple   | Entered the Ecumenical Temple
  4532 | Temple   | Became a worshipper of Cheibriados the Contemplative
  4550 | D:5      | Reached XP level 7. HP: 45/50 MP: 11/18
  4556 | D:5      | Noticed Sigmund
  4578 | D:5      | Killed Sigmund
  5012 | D:5      | Reached skill level 5 in Stealth
  5381 | D:6      | Reached * piety under Cheibriados
  5403 | D:6      | Reached XP level 8. HP: 22/57 MP: 7/19
  5746 | D:6      | Noticed Prince Ribbit
  6026 | D:6      | Noticed Duvessa
  6095 | D:6      | Killed Prince Ribbit
  6114 | D:6      | Noticed Blork the orc
  6128 | D:6      | Killed Blork the orc
  6292 | D:6      | Reached skill level 8 in Spellcasting
  6424 | D:6      | Noticed Dowan
  6460 | D:6      | Killed Duvessa
  6463 | D:6      | Killed Dowan
  6570 | D:7      | Reached ** piety under Cheibriados
  6579 | D:7      | Reached XP level 9. HP: 65/65 MP: 0/21
  7260 | D:7      | Noticed a troll
  7292 | D:7      | Killed a troll
  7864 | D:7      | Found a huge runed translucent gate.
  7865 | D:7      | Found a huge runed translucent gate.
  7865 | D:7      | Noticed a polar bear
  7865 | D:7      | Noticed a polar bear
  7866 | D:7      | Found a huge runed translucent gate.
  7866 | D:7      | Noticed a polar bear
  7867 | D:7      | Found a huge runed translucent gate.
  7867 | D:7      | Noticed a polar bear
  7867 | D:7      | Noticed a polar bear
  7867 | D:7      | Noticed a polar bear
  7868 | D:7      | Noticed a polar bear
  7868 | D:7      | Noticed a polar bear
  7886 | D:7      | Killed a polar bear
  7894 | D:7      | Killed a polar bear
  7900 | D:7      | Killed a polar bear
  7900 | D:7      | Reached skill level 5 in Invocations
  7906 | D:7      | Reached XP level 10. HP: 22/73 MP: 5/22
  7911 | D:7      | Noticed Harold
  7943 | D:7      | Found Lobbogem's Weapon Emporium.
  7948 | D:7      | Found a shattered altar of Ashenzari.
  7952 | D:7      | Reached *** piety under Cheibriados
  8362 | D:7      | Killed Harold
  8362 | D:7      | Reached skill level 5 in Fighting
  8362 | D:7      | Reached skill level 5 in Short Blades
  8362 | D:7      | Reached skill level 5 in Long Blades
  8362 | D:7      | Reached skill level 5 in Axes
  8362 | D:7      | Reached skill level 5 in Maces & Flails
  8362 | D:7      | Reached skill level 5 in Polearms
  8362 | D:7      | Reached skill level 5 in Staves
  8362 | D:7      | Reached skill level 5 in Slings
  8362 | D:7      | Reached skill level 5 in Bows
  8362 | D:7      | Reached skill level 5 in Crossbows
  8362 | D:7      | Reached skill level 5 in Throwing
  8362 | D:7      | Reached skill level 5 in Armour
  8362 | D:7      | Reached skill level 5 in Shields
  8362 | D:7      | Reached skill level 5 in Unarmed Combat
  8362 | D:7      | Reached skill level 5 in Evocations
  8524 | D:7      | Reached skill level 9 in Spellcasting
  8551 | D:7      | Reached skill level 5 in Conjurations
  8551 | D:7      | Reached skill level 5 in Summonings
  8551 | D:7      | Reached skill level 5 in Translocations
  9147 | D:7      | Noticed a two-headed ogre
  9163 | D:7      | Killed a two-headed ogre
  9163 | D:7      | Reached XP level 11. HP: 81/81 MP: 18/24
  9389 | D:8      | Found a burning altar of Makhleb.
  9427 | D:7      | Reached **** piety under Cheibriados
 10043 | D:8      | You fall through a shaft for 2 floors!
 10043 | D:10     | Entered Level 10 of the Dungeon
 10342 | D:10     | Reached skill level 5 in Hexes
 10342 | D:10     | Reached skill level 5 in Charms
 10342 | D:10     | Reached skill level 5 in Necromancy
 10342 | D:10     | Reached skill level 5 in Transmutations
 10342 | D:10     | Reached skill level 5 in Fire Magic
 10342 | D:10     | Reached skill level 5 in Ice Magic
 10342 | D:10     | Reached skill level 5 in Air Magic
 10342 | D:10     | Reached skill level 5 in Earth Magic
 10342 | D:10     | Reached skill level 5 in Poison Magic
 10796 | D:10     | Noticed a brown ugly thing
 10796 | D:10     | Noticed a red ugly thing
 10798 | D:10     | Found a runed translucent gate.
 10798 | D:10     | Found a runed translucent gate.
 10798 | D:10     | Found a runed translucent gate.
 10798 | D:10     | Noticed a white ugly thing
 10798 | D:10     | Noticed a red ugly thing
 10799 | D:10     | Noticed a white very ugly thing
 10930 | D:10     | Reached ***** piety under Cheibriados
 11352 | D:9      | Found a glowing silver altar of Zin.
 11405 | D:9      | Found a hide-covered altar of Uskayaw.
 11934 | D:9      | Found an opulent altar of Gozag.
 12384 | D:9      | Found a staircase to the Orcish Mines.
 13371 | D:8      | Found a glowing golden altar of the Shining One.
 13468 | D:8      | Found a shadowy altar of Dithmenos.
 13541 | D:8      | Found a basalt altar of Yredelemnul.
 13812 | Orc:1    | Entered Level 1 of the Orcish Mines
 13958 | Orc:1    | Reached ****** piety under Cheibriados
 14322 | D:11     | Noticed a two-headed ogre
 14331 | D:11     | Killed a two-headed ogre
 14343 | D:11     | Found an opulent altar of Gozag.
 14382 | D:11     | Noticed a cyclops
 14397 | D:11     | Killed a cyclops
 14397 | D:11     | Reached XP level 12. HP: 73/89 MP: 22/25
 14532 | D:11     | Noticed a six-headed hydra
 14556 | D:11     | Killed a six-headed hydra
 14859 | D:11     | Reached skill level 10 in Spellcasting
 15949 | D:11     | Found a staircase to the Lair.
 16378 | Lair:1   | Entered Level 1 of the Lair of Beasts
 17373 | Lair:1   | Got a crystal long sword
 17374 | Lair:1   | Identified the +4 long sword of the Lame Duck {drain, rC+++
                  | Dex-3} (You found it on level 1 of the Lair of Beasts)
 18581 | Lair:2   | Noticed a six-headed hydra
 18589 | Lair:2   | Killed a six-headed hydra
 18589 | Lair:2   | Reached XP level 13. HP: 98/98 MP: 27/27
 19110 | Lair:2   | Found a staircase to the Shoals.
 19179 | Lair:2   | Found a hole to the Spider Nest.
 20380 | Lair:3   | Noticed Ziruddio's ghost (journeyman MfBe)
 20381 | Lair:3   | Found a runed translucent door.
 20865 | Lair:3   | Got a polished great mace
 20866 | Lair:3   | Identified the +3 great mace of Monuewe {flame, rPois rF+
                  | Int+4} (You found it on level 3 of the Lair of Beasts)
 21445 | Lair:4   | Noticed Urug
 21460 | Lair:4   | Killed Urug
 21725 | Lair:4   | Noticed Kirke
 21774 | Lair:4   | Killed Kirke
 22203 | Lair:5   | Found a sparkling altar of Nemelex Xobeh.
 22437 | Lair:5   | Found a frozen archway.
 22466 | IceCv    | Entered an ice cave
 22871 | IceCv    | Reached skill level 11 in Spellcasting
 22881 | IceCv    | Got an ancient war axe
 22882 | IceCv    | Identified the +3 war axe of Bodily Humours {chop, *Drain
                  | Dex+6} (You found it in an ice cave)
 23392 | IceCv    | Reached XP level 14. HP: 100/106 MP: 26/29
 23551 | IceCv    | Noticed a frost giant
 23987 | IceCv    | HP: 3/106 [frost giant/+2 battleaxe of freezing (21)]
 23988 | IceCv    | Killed a frost giant
 24408 | IceCv    | Got a scorched morningstar
 24409 | IceCv    | Identified the +5 morningstar of Incongruity {venom, +Rage
                  | rC+} (You found it in an ice cave)
 24795 | Lair:5   | Learned a level 3 spell: Regeneration
 24814 | Lair:5   | Reached skill level 10 in Dodging
 25000 | Lair:5   | Got an ichor-stained dagger
 25001 | Lair:5   | Identified the +8 dagger "Syudop" {venom, rElec rF+} (You
                  | found it on level 5 of the Lair of Beasts)
 25055 | Lair:5   | Identified Sif Muna's Grimoire of Translocation and
                  | Companions
 25061 | Lair:5   | Got a distressingly furry scale mail
 25072 | Lair:5   | Identified the cursed +1 scale mail of Valour {rF+ Regen+
                  | Slay+3} (You found it on level 5 of the Lair of Beasts)
 25460 | Lair:6   | Entered Level 6 of the Lair of Beasts
 25780 | Lair:6   | Reached skill level 10 in Stealth
 25795 | Lair:6   | HP: 5/108 [komodo dragon (10)]
 25795 | Lair:6   | HP: 2/108 [wyvern (3)]
 25796 | Lair:6   | Slain by a wyvern

Skill      XL: |  1  2  3  4  5  6  7  8  9 10 11 12 13 14 |
---------------+-------------------------------------------+-----
Conjurations   | 2 3 4 5 6 7 |  7.9
Summonings     | 2 3 4 5 6 7 |  7.9
Translocations | 2 3 4 5 6 7 |  7.9
Invocations    | 1 2 3 4 5 6 7 8 9 |  9.9
Fighting       | 1 2 3 4 5 6 7 8 9 |  9.1
Short Blades   | 1 2 3 4 5 6 7 8 9 |  9.1
Long Blades    | 1 2 3 4 5 6 7 8 9 |  9.1
Axes           | 1 2 3 4 5 6 7 8 9 |  9.1
Maces & Flails | 1 2 3 4 5 6 7 8 9 |  9.1
Polearms       | 1 2 3 4 5 6 7 8 9 |  9.1
Staves         | 1 2 3 4 5 6 7 8 9 |  9.1
Slings         | 1 2 3 4 5 6 7 8 9 |  9.1
Bows           | 1 2 3 4 5 6 7 8 9 |  9.1
Crossbows      | 1 2 3 4 5 6 7 8 9 |  9.1
Throwing       | 1 2 3 4 5 6 7 8 9 |  9.1
Armour         | 1 2 3 4 5 6 7 8 9 |  9.1
Shields        | 1 2 3 4 5 6 7 8 9 |  9.1
Unarmed Combat | 1 2 3 4 5 6 7 8 9 |  9.1
Evocations     | 1 2 3 4 5 6 7 8 9 |  9.1
Hexes          | 1 2 3 4 5 6 7 |  7.5
Charms         | 1 2 3 4 5 6 7 |  7.5
Necromancy     | 1 2 3 4 5 6 7 |  7.5
Transmutations | 1 2 3 4 5 6 7 |  7.5
Fire Magic     | 1 2 3 4 5 6 7 |  7.5
Ice Magic      | 1 2 3 4 5 6 7 |  7.5
Air Magic      | 1 2 3 4 5 6 7 |  7.5
Earth Magic    | 1 2 3 4 5 6 7 |  7.5
Poison Magic   | 1 2 3 4 5 6 7 |  7.5
Dodging        | 5 6 7 8 9 10 | 10.1
Stealth        | 5 6 7 8 9 10 | 10.0
Spellcasting   | 8 9 10 11 | 11.3

Action                   |  1- 3 |  4- 6 |  7- 9 | 10-12 | 13-15 || total
-------------------------+-------+-------+-------+-------+-------++-------
Melee: Unarmed           |       |    42 |       |       |       ||    42
       Bite              |       |     5 |    21 |   129 |    95 ||   250
       Trident           |       |    35 |   248 |   482 |       ||   765
       Punch             |       |     1 |     5 |    25 |    17 ||    48
       Great sword       |       |       |       |   182 |   208 ||   390
       Long sword        |       |       |       |    27 |   113 ||   140
       Great mace        |       |       |       |       |     5 ||     5
       Dagger            |       |       |       |       |    11 ||    11
Throw: Javelin           |       |       |       |    15 |    34 ||    49
 Cast: Magic Dart        |   103 |   160 |   149 |   289 |   143 ||   844
       Mephitic Cloud    |       |     2 |    10 |    29 |    23 ||    64
       Conjure Flame     |       |     3 |    20 |    25 |    30 ||    78
       Blink             |       |     1 |    16 |    69 |    19 ||   105
       Regeneration      |       |       |       |       |     2 ||     2
Invok: Bend Time         |       |       |       |     1 |     1 ||     2
       Step From Time    |       |       |       |     1 |       ||     1
       Temporal Distorti |       |       |       |       |     1 ||     1
       Slouch            |       |       |       |       |     1 ||     1
Evoke: Wand              |       |       |       |     8 |       ||     8
  Use: Scroll            |       |       |       |    21 |     2 ||    23
       Potion            |       |       |       |     1 |     1 ||     2
 Stab: Confused          |       |     6 |     6 |    33 |    19 ||    64
       Sleeping          |       |       |       |    11 |     5 ||    16
       Distracted        |       |       |       |     1 |     2 ||     3
  Eat: Chunk             |     2 |     8 |     6 |    18 |    12 ||    46
Armor: Robe              |     4 |    18 |    30 |   105 |    38 ||   195
       Scale mail        |       |       |       |       |    27 ||    27
Dodge: Dodged            |    13 |    84 |   103 |   695 |   351 ||  1246
       Rpst.: Great sword |       |       |       |    63 |    53 ||   116
       Long sword        |       |       |       |    11 |    22 ||    33
